 Dungeon Crawl Stone Soup version 0.28.0-53-g5a82cb258f (webtiles) character file.

Game seed: 1499170587434908537

179 Peloso the Skirmisher (level 5, 0/42 HPs)
             Began as a Demonspawn Fighter on June 4, 2022.
             Slain by a kobold
             ... wielding a +0 club
              (1 damage)
             ... on level 3 of the Dungeon.
             The game lasted 00:02:57 (2139 turns).

Peloso the Skirmisher (Demonspawn Fighter)          Turns: 2139, Time: 00:02:59

Health: 0/42       AC:  6    Str: 19    XL:     5   Next: 32%
Magic:  5/5        EV:  9    Int:  9    God:
Gold:   96         SH:  5    Dex: 14    Spells: 4/4 levels left

rFire   . . .      SeeInvis +   a - +0 long sword
rCold   . . .      Faith    .   c - +0 buckler
rNeg    . . .      Spirit   .   b - +0 scale mail
rPois   .          Reflect  .   (no helmet)
rElec   .          Harm     .   (no cloak)
rCorr   .          Rampage  .   (no gloves)
Will    .....                   (no boots)
Stlth   ..........              (no amulet)
HPRegen 0.14/turn               (no ring)
MPRegen 0.09/turn               (no ring)

@: no status effects
A: claws 1, powered by death 1, weakness stinger 1, see invisible, agile 1, wild
magic 1
a: no special abilities


You were on level 3 of the Dungeon.
You visited 1 branch of the dungeon, and saw 3 of its levels.

You collected 96 gold pieces.

Inventory:

Hand Weapons
 a - a +0 long sword (weapon)
Armour
 b - a +0 scale mail (worn)
 c - a +0 buckler (worn)
Jewellery
 e - an amulet of regeneration
 f - an amulet of guardian spirit
Scrolls
 g - 3 scrolls of identify {unknown}
 h - a scroll of fear {unknown}
 j - 4 scrolls of amnesia {unknown}
 k - a scroll of noise {unknown}
 m - a scroll of vulnerability {unknown}
 n - 2 scrolls of teleportation {unknown}
Potions
 d - a potion of might
 i - 2 potions of cancellation {unknown}
 l - a potion of haste {unknown}
 o - 2 potions of curing {unknown}


   Skills:
 + Level 3.7 Fighting
 + Level 3.3 Long Blades
 + Level 3.4 Armour
 + Level 0.7 Dodging
 + Level 0.8 Stealth
 + Level 3.2 Shields


You had 4 spell levels left.
You didn't know any spells.
Your spell library was empty.

Dungeon Overview and Level Annotations

Branches:
Dungeon (3/15)

Altars:


Innate Abilities, Weirdness & Mutations

You have sharp fingernails.
You regenerate a little health from kills.
You have a small tail.
You have supernaturally acute eyesight. (SInv)
You are agile. (Dex +2)
Your spells are a little harder to cast, but a little more powerful.


Message History

The kobold is severely wounded.
The kobold hits you with a +0 dagger. The hobgoblin hits you with a +0 club.
The kobold hits you but does no damage.
You slash the kobold!
You kill the kobold!
The hobgoblin hits you but does no damage.
The kobold hits you with a +0 club. You block the hobgoblin's attack.
The kobold closely misses you.
You hit the kobold but do no damage. The kobold hits you but does no damage.
The kobold misses you. You block the hobgoblin's attack.
You closely miss the kobold. The kobold barely misses you.
The kobold hits you with a +0 club. The hobgoblin hits you with a +0 club.
* * * LOW HITPOINT WARNING * * *
You block the kobold's attack.
You slash the kobold!
You kill the kobold!
The hobgoblin barely misses you. The kobold hits you but does no damage.
You block the kobold's attack. The hobgoblin hits you with a +0 club.
* * * LOW HITPOINT WARNING * * *
You hit the kobold.
The kobold is moderately wounded.
The kobold hits you but does no damage.
A kobold comes into view. It is wielding a +0 club.
You block the kobold's attack. The hobgoblin hits you with a +0 club.
* * * LOW HITPOINT WARNING * * *
You barely miss the kobold.
The kobold shouts!
Your tail-slap misses the kobold.
The kobold is moderately wounded.
The kobold hits you but does no damage. The hobgoblin hits you with a +0 club.
* * * LOW HITPOINT WARNING * * *
The kobold barely misses you. The kobold hits you but does no damage.
You hit the kobold but do no damage.
Your tail-slap misses the kobold.
The kobold is moderately wounded.
The kobold hits you with a +0 club.
* * * LOW HITPOINT WARNING * * *
The hobgoblin hits you with a +0 club.
* * * LOW HITPOINT WARNING * * *
The kobold hits you with a +0 club.
You die...

#. ##... .#####.
##....
..#....####.....
..#.....))......
K.#.#######)....
..#.# ##....
##..#.# ##...
#Kg##.# ##..
#@K##.# ###.
#..##.# #..†
#..##.# #.#.
#..##.# #.#.
#.###.## #.##
#......########.#
#####.#..........#
#.........########
#.####.##.#########


You could see a hobgoblin and 3 kobolds.

Vanquished Creatures
  A scorpion (D:2)
  A hound (D:2)
  4 adders
  2 worms
  5 orcs (D:3)
  6 bats
  2 endoplasms
  2 giant cockroaches
  6 goblins
  2 hobgoblins
  4 jackals
  6 kobolds
  A quokka (D:2)
  3 ball pythons
  3 frilled lizards
  3 rats
51 creatures vanquished.

Notes
Turn   | Place    | Note
-------+----------+-------------------------------------------
     0 | D:1      | Peloso the Demonspawn Fighter began the quest for the Orb.
     0 | D:1      | Reached XP level 1. HP: 18/18 MP: 1/1
   233 | D:1      | Gained mutation: You regenerate a little health from kills.
                  | [demonic ancestry]
   233 | D:1      | Reached XP level 2. HP: 24/24 MP: 2/2
   759 | D:2      | Identified the +2 leather armour of the Wary Knaves {rCorr}
   771 | D:2      | Noticed a scorpion
   794 | D:2      | Killed a scorpion
   795 | D:2      | Reached XP level 3. HP: 6/29 MP: 3/3
   795 | D:2      | Discovered your monstrous ancestry.
   795 | D:2      | Gained mutation: You have a small tail. [demonic ancestry]
   795 | D:2      | Reached XP level 4. HP: 7/35 MP: 4/4
  1742 | D:3      | Gained mutation: You have sharp fingernails. [demonic
                  | ancestry]
  1742 | D:3      | Reached XP level 5. HP: 24/41 MP: 5/5
  1866 | D:3      | Gained mutation: You have supernaturally acute eyesight.
                  | (SInv) [potion of mutation]
  1866 | D:3      | Gained mutation: Your spells are a little harder to cast,
                  | but a little more powerful. [potion of mutation]
  1866 | D:3      | Gained mutation: You are agile. (Dex +2) [potion of
                  | mutation]
  2139 | D:3      | HP: 1/42 [hobgoblin/+0 club (3)]
  2139 | D:3      | Slain by a kobold

Illustrated notes

Levels and vault maps discovered:
D:1:      heliophobic_arrival_enchanted_forest, layout_basic, serial_shops,
          nicolae_shop_bloodbath_and_beyond
D:2:      layout_basic
D:3:      cheibrodos_thug_alley, layout_loops_ring, trog_antimagical,
          nicolae_dithmenos_through_a_glass_darkly

Skill      XL: |  1  2  3  4 |
---------------+-------------+-----
Long Blades    | 2 3 |  3.3
Armour         | 3 |  3.4
Shields        | 3 |  3.2
Fighting       | |  3.7
Dodging        | |  0.7
Stealth        | |  0.8

Action                   |  1- 3 |  4- 6 || total
-------------------------+-------+-------++-------
Melee: Long sword        |    56 |   109 ||   165
       Tailslap          |       |    17 ||    17
  Use: Potion            |       |     1 ||     1
Armor: Scale mail        |    39 |    78 ||   117
Dodge: Dodged            |    23 |    74 ||    97
Block: Buckler           |    13 |    41 ||    54
